 Dungeon Crawl Stone Soup version 0.32-a0-899-geb5ba95c15 (webtiles) character file.

Game seed: 16778313768903421883

1325 leebro123 the Nimble (level 8, -1/51 HPs)
             Began as a Kobold Brigand on Apr 5, 2024.
             Was a Follower of Uskayaw.
             Slain by an orc warrior
             ... wielding a +0 mace
              (11 damage)
             ... on level 6 of the Dungeon.
             The game lasted 00:07:07 (7930 turns).

leebro123 the Nimble (Kobold Brigand)               Turns: 7930, Time: 00:07:08

Health: -1/51      AC:  5    Str:  8    XL:     8   Next: 91%
Magic:  8/8        EV: 21    Int: 12    God:    Uskayaw [*.....]
Gold:   423        SH:  0    Dex: 19    Spells: 7/7 levels left

rFire   . . .        a - +2 dagger
rCold   . . .        (no shield)
rNeg    . . .        b - +0 robe
rPois   +            B - +0 helmet
rElec   .            c - +0 cloak
rCorr   .            t - +0 pair of gloves
SInv    +            (no boots)
Will    .....        (no amulet)
Stlth   +++++        P - ring of poison resistance
HPRegen 0.28/turn    v - ring of see invisible
MPRegen 0.11/turn

%: no passive effects
@: studying Dodging
A: small, no large weapons, nightstalker 3
a: Renounce Religion, Stomp


You were on level 6 of the Dungeon.
You worshipped Uskayaw.
Uskayaw was noncommittal.
You visited 2 branches of the dungeon, and saw 7 of its levels.

You collected 423 gold pieces.


Innate Abilities, Weirdness & Mutations

You are small and have problems with some larger weapons.
You are completely attuned to the shadows.


   Skills:
 - Level 6.0 Fighting
 - Level 6.0 Short Blades
 - Level 2.1 Throwing
 + Level 10.3 Dodging
 - Level 8.0 Stealth
 - Level 0.6 Summonings


You had 7 spell levels left.
You didn't know any spells.
Your spell library contained the following spells:

 Spells                   Type           Power      Damage    Failure   Level
 Blink                    Tloc           0%         N/A       45%         2
 Ensorcelled Hibernation  Hex/Ice        0%         N/A       45%         2
 Lesser Beckoning         Tloc           0%         N/A       45%         2
 Momentum Strike          Conj/Tloc      0%         3d8       45%         2
 Fugue of the Fallen      Necr           0%         N/A       69%         3
 Tukima's Dance           Hex            0%         N/A       69%         3
 Anguish                  Hex/Necr       0%         N/A       97%         4
 Dimensional Bullseye     Hex/Tloc       0%         N/A       97%         4
 Iskenderun's Mystic Bla Conj/Tloc 0%             2d3        (+2d1     97%         4

Inventory:

Hand Weapons
 a - a +2 dagger (weapon)
 w - a +2 dagger of venom
   (You took it off a goblin on level 4 of the Dungeon)
Missiles
 d - 13 poisoned darts (quivered)
 e - 3 curare-tipped darts {=f}
 f - 38 stones
 q - 4 darts of dispersal {=f!f}
 D - 5 boomerangs
Armour
 b - a +0 robe (worn)
 c - a +0 cloak (worn)
 t - a +0 pair of gloves (worn)
   (You found it on level 3 of the Dungeon)
 z - the +2 chain mail of Anarchy {rPois Int+3}
   (You found it on level 4 of the Dungeon)

   Int+3:     It affects your intelligence (+3).
   rPois:     It protects you from poison.
 B - a +0 helmet (worn)
   (You found it on level 4 of the Dungeon)
Magical Staves
 C - a staff of earth {!a}
   (You found it on level 4 of the Dungeon)
Jewellery
 v - a ring of see invisible (right hand)
   (You found it on level 3 of the Dungeon)
 A - an amulet of the acrobat
   (You found it on level 4 of the Dungeon)
 F - a ring of protection from fire
   (You found it on level 2 of the Dungeon)
 P - a ring of poison resistance (left hand)
   (You found it on level 3 of the Dungeon)
 Y - a +4 ring of slaying
   (You found it on level 4 of the Dungeon)
Wands
 h - a wand of charming (3)
   (You found it on level 6 of the Dungeon)
 r - a wand of flame (17)
   (You found it on level 3 of the Dungeon)
 E - a wand of mindburst (7)
   (You took it off Ijyb on level 5 of the Dungeon)
Scrolls
 g - a scroll of fear
 k - a scroll of immolation {unknown}
 l - 2 scrolls of fog
 o - a scroll of teleportation {@r4}
 x - a scroll of vulnerability {unknown}
 y - a scroll of brand weapon {unknown}
Potions
 i - 3 potions of enlightenment
 m - 2 potions of mutation {!q}
 n - a potion of resistance {unknown}
 p - a potion of haste {unknown}
 u - a potion of magic {unknown}
 G - a potion of curing {unknown}

Dungeon Overview and Level Annotations

Branches:
Dungeon (6/15)             Temple (1/1) D:6

Altars:
Ashenzari
Cheibriados
Dithmenos
Elyvilon
Gozag
Hepliaklqana
Kikubaaqudgha
Makhleb
Okawaru
Ru
Sif Muna
Trog
Uskayaw
Xom
Yredelemnul
Zin
The Shining One

Shops:
D:5 *

Annotations:
D:6 2 transporters, Edmund; Zero's ghost, novice GrBe

......##...#.......###'###.......
......'....#...................##
......#....#...................#
......#....########............#
......#.....'.....#............#
......##....#.....#............##
......##....#.....#............#.
.......#....#...o.########.....#.
.......#....#...@..#.....#.....#.
.......#....#...)..#^....#.....#.
.......'....#......#.....#.....#.
########...##.)...##.....#.....##
......##...##.....##.....#.....#
...................#.....'.....#
...................#.....#.....#
................>..#.....#.....#
##'#####...####'####.....#.....#


You could see an orc warrior.


Message History

You hit the hound. The hound completely misses you.
You hit the hound.
You kill the hound!
Your Dodging skill increases to level 10!
No target in view!
No target in view!
No target in view!
No target in view!
No target in view!
No target in view!
No target in view!
No target in view!
No target in view!
No target in view!
There is an open door here.
You open the door.
There is an open door here.
Partly explored, unvisited transporter. 😎 HP[+2]
Your hp is fully restored (51).
Partly explored, unvisited transporter.
Partly explored, unvisited transporter.
Partly explored, unvisited transporter.
Partly explored, unvisited transporter.
Partly explored, unvisited transporter.
There is an open door here.
There is an open door here.
There is an open door here.
An orc warrior is nearby!
You strike the helpless orc from behind!
You impale the orc!!
You kill the orc!
The orc shouts!
The orc priest shouts!
The orc warrior shouts!
You closely miss the orc warrior.
The orc warrior hits you with a +0 mace. 😕 HP[-6]
You take 6 damage, and now have 45/51 hp.
You hit the orc warrior but do no damage.
The orc completely misses you. The orc warrior misses you.
You hit the orc priest. The orc misses you. The orc priest misses you.
You hit the orc priest. The orc warrior closely misses you. The orc misses you.
The orc priest hits you but does no damage.
You hit the orc priest. The orc warrior closely misses you.
You can now pass through a line of other dancers. 😕 HP[+1]
You hit the orc priest but do no damage.
The orc barely misses you.
The orc priest hits you with a +0 dagger. 😕 HP[-4]
You take 4 damage, and now have 42/51 hp.
You hit the orc priest.
The orc warrior hits you but does no damage.
The orc priest invokes the aid of Beogh against you.
Beogh smites you!
The orc hits you but does no damage. 😮 HP[-11]
You take 11 damage, and now have 31/51 hp.
MASSIVE DAMAGE!! (PAUSE)
You hit the orc priest. The orc warrior misses you.
You hit the orc priest.
You kill the orc priest!
The orc hits you but does no damage. The orc warrior misses you.
You hit the orc. The orc closely misses you. 😮 HP[+1]
You hit the orc.
You kill the orc!
The orc warrior misses you.
The orc warrior hits you with a +0 mace.
Things that are here:
a +0 hand axe; an orc corpse; 😮 HP[-6]
You take 6 damage, and now have 26/51 hp.
You closely miss the orc warrior.
The orc warrior hits you with a +0 mace.
* * * LOW HITPOINT WARNING * * *
😨 HP[-6]
You take 6 damage, and now have 20/51 hp.
You hit the orc warrior but do no damage.
You hit the orc warrior but do no damage.
The orc warrior hits you with a +0 mace!
* * * LOW HITPOINT WARNING * * *
😱 HP[-8]
You take 8 damage, and now have 12/51 hp.
You hit the orc warrior but do no damage.
The orc warrior hits you with a +0 mace.
* * * LOW HITPOINT WARNING * * *
😱 HP[-2]
You take 2 damage, and now have 10/51 hp.
You hit the orc warrior but do no damage.
You hit the orc warrior but do no damage.
The orc warrior barely misses you.
You hit the orc warrior but do no damage.
The orc warrior hits you with a +0 mace.
* * * LOW HITPOINT WARNING * * *
You can no longer pass through a line of other dancers. 😱 HP[-1]
You take 1 damage, and now have 9/51 hp.
Okay, then.
You hit the orc warrior.
The orc warrior hits you with a +0 mace!
You die...
Your body falls in perfect tune with the rhythm.

Skill      XL: |  1  2  3  4  5  6  7  8 |
---------------+-------------------------+-----
Stealth        | 6 7 8 |  8.0
Short Blades   | 3 4 6 |  6.0
Fighting       | 3 4 5 6 |  6.0
Dodging        | 4 10 | 10.3
Throwing       | |  2.1
Summonings     | |  0.6

Action                     |  1- 3 |  4- 6 |  7- 9 || total
---------------------------+-------+-------+-------++-------
  Melee: Dagger            |    61 |   142 |   594 ||   797
  Throw: Dart              |       |       |     8 ||     8
    Use: Scroll            |       |     1 |     7 ||     8
         Potion            |       |       |     2 ||     2
   Stab: Sleeping          |    14 |    20 |     9 ||    43
         Distracted        |       |     1 |     2 ||     3
         Paralysed         |       |       |     1 ||     1
 Armour: Robe              |    24 |    50 |   108 ||   182
  Dodge: Dodged            |    31 |    71 |   204 ||   306

Levels and vault maps discovered:
D:1:      minmay_arrival_four_loops, layout_basic, serial_co_window_serial,
          co_window_paths_a, co_window_of_opportunity_a, co_window_corner_a,
          co_window_paths_a, co_window_of_opportunity_a, co_window_corner_a,
          co_window_broadway_b, co_window_corner_ca, co_window_corner_b,
          co_window_2corner, co_window_2corner, glass_columns_a,
          glass_columns_a, hangedman_decor_peaks_small
D:2:      layout_loops_ring, basic_altar, st_stairs_4, minmay_door_square,
          minmay_misc_feat_roman
D:3:      layout_loops_corners, hex_tiny, corexii_corridor_pit
D:4:      layout_loops_corners, overflow_temple_1_default,
          uniq_crazy_yiuf_cottage
D:5:      layout_loops_ring, serial_bayou, serial_bayou_lagoon_a,
          serial_bayou_pond_c, serial_bayou_crossing, serial_bayou_pond_a,
          nicolae_shop_overcharged_wands, uniq_ijyb
D:6:      layout_gridville, minmay_temple_entry_drinking_statues,
          gammafunk_ghost_stat_death, corexii_hall_statues_x,
          kb_lookout_dungeons_type, uniq_blork_the_orc, uniq_edmund
Temple:   nicolae_temple_bog_church

Notes
Turn   | Place    | Note
-------+----------+-------------------------------------------
     0 | D:1      | leebro123 the Kobold Brigand began the quest for the Orb.
     0 | D:1      | Reached XP level 1. HP: 12/12 MP: 1/1
     0 | D:1      | magus.rc [v1.11.6]
   325 | D:1      | Reached skill level 6 in Stealth
   325 | D:1      | Reached XP level 2. HP: 17/17 MP: 2/2
   405 | D:1      | Reached XP level 3. HP: 16/21 MP: 3/3
   563 | D:1      | Reached skill level 7 in Stealth
  1322 | D:2      | You add the spells Blink, Momentum Strike and Lesser
                  | Beckoning to your library.
  1398 | D:2      | Reached XP level 4. HP: 22/26 MP: 4/4
  1682 | D:2      | Found a white marble altar of Elyvilon.
  2398 | D:3      | Reached skill level 8 in Stealth
  2507 | D:3      | Reached skill level 3 in Short Blades
  2607 | D:3      | You add the spells Ensorcelled Hibernation, Fugue of the
                  | Fallen and Anguish to your library.
  2645 | D:3      | Reached XP level 5. HP: 31/31 MP: 5/5
  3360 | D:4      | Reached skill level 3 in Fighting
  3660 | D:4      | Identified the +2 chain mail of Anarchy {rPois Int+3}
  3793 | D:4      | Reached skill level 4 in Short Blades
  3880 | D:4      | Found a runed translucent door.
  3883 | D:4      | Noticed Crazy Yiuf
  4137 | D:4      | Found a glowing silver altar of Zin.
  4337 | D:4      | Killed Crazy Yiuf
  4338 | D:4      | Reached XP level 6. HP: 38/38 MP: 6/6
  4389 | D:5      | Entered Level 5 of the Dungeon
  4507 | D:5      | HP: 8/38 [orc wizard/+0 dagger (3)]
  4516 | D:5      | HP: 7/38 [orc wizard/+0 dagger (3)]
  4518 | D:5      | Reached skill level 4 in Fighting
  4620 | D:5      | Reached skill level 2 in Dodging
  4740 | D:5      | Found Faco's Overcharged Wands.
  4744 | D:5      | Noticed Ijyb
  4748 | D:5      | Killed Ijyb
  4816 | D:5      | Noticed a black bear
  4820 | D:5      | Killed a black bear
  4821 | D:5      | Reached skill level 4 in Dodging
  4821 | D:5      | Reached XP level 7. HP: 43/43 MP: 7/7
  5028 | D:5      | HP: 10/43 [orc wizard/puff of flame (9)]
  5032 | D:5      | Reached skill level 5 in Short Blades
  5427 | D:5      | HP: 9/43 [iguana (2)]
  5431 | D:5      | Reached skill level 6 in Short Blades
  6160 | D:6      | Reached skill level 5 in Fighting
  6171 | D:6      | Found a staircase to the Ecumenical Temple.
  6208 | Temple   | Entered the Ecumenical Temple
  6233 | Temple   | Became a worshipper of Uskayaw the Reveller
  6237 | Temple   | Identified a scroll of acquirement
  6238 | Temple   | Acquired a manual of Dodging
  6297 | D:6      | Reached * piety under Uskayaw
  6300 | D:6      | Reached ** piety under Uskayaw
  6304 | D:6      | Reached XP level 8. HP: 48/50 MP: 8/8
  6363 | D:6      | Found a transporter.
  6388 | D:6      | Reached skill level 5 in Dodging
  6495 | D:6      | Found a transporter.
  6605 | D:6      | Noticed Zero's ghost (novice GrBe)
  6615 | D:6      | Noticed Blork the orc
  6710 | D:5      | HP: 7/51 [gnoll/+0 halberd (9)]
  6718 | D:5      | Reached *** piety under Uskayaw
  7032 | D:6      | Reached skill level 6 in Fighting
  7032 | D:6      | Reached skill level 6 in Dodging
  7036 | D:6      | Reached skill level 7 in Dodging
  7188 | D:6      | Noticed Edmund
  7402 | D:6      | Killed Blork the orc
  7403 | D:6      | Reached skill level 8 in Dodging
  7536 | D:6      | Reached skill level 9 in Dodging
  7713 | D:6      | You add the spells Tukima's Dance, Dimensional Bullseye and
                  | Iskenderun's Mystic Blast to your library.
  7828 | D:6      | Reached skill level 10 in Dodging
  7925 | D:6      | HP: 12/51 [orc warrior/+0 mace (9)]
  7930 | D:6      | Slain by an orc warrior

Vanquished Creatures
  A water moccasin (D:6)
  A black bear (D:5)
  An ice beast (D:6)
  A centaur (D:6)
  Blork the orc (D:6)
  4 scorpions
  2 howler monkeys (D:6)
  A bombardier beetle (D:5)
  A jelly (D:5)
  A hound (D:6)
  2 orc priests
  Crazy Yiuf (D:4)
  3 iguanas
  Ijyb (D:5)
  3 orc wizards (D:5)
  5 gnolls
  9 adders
  A shadow imp (D:6)
  A ribbon worm (D:3)
  A dart slug (D:3)
  16 orcs
  6 ball pythons
  3 bats
  4 endoplasms
  A giant cockroach (D:4)
  7 goblins
  7 hobgoblins
  3 jackals (D:1)
  3 quokkas
  3 frilled lizards (D:1)
  6 kobolds
  4 rats
104 creatures vanquished.

Table legend:
 A = Non-vault XP
 B = Vault XP
 C = Vault XP percentage of total XP
 D = Non-vault monster count
 E = Vault monster count
 F = Vault count percentage of total count
                 A         B        C        D         E       F
            +---------+---------+-------+---------+---------+-------
      Total |    1614 |     280 |  14.8 |      97 |       7 |   6.7
            +---------+---------+-------+---------+---------+-------
        D:1 |      58 |       0 |   0.0 |      20 |       0 |   0.0
        D:2 |      41 |       5 |  10.9 |      12 |       3 |  20.0
        D:3 |      62 |       0 |   0.0 |      13 |       0 |   0.0
        D:4 |      89 |      39 |  30.5 |      14 |       1 |   6.7
        D:5 |     605 |      36 |   5.6 |      26 |       1 |   3.7
        D:6 |     759 |     200 |  20.9 |      12 |       2 |  14.3
            +---------+---------+-------+---------+---------+-------

Skill      XL: |  1  2  3  4  5  6  7  8 |
---------------+-------------------------+-----
Stealth        | 6 7 8 |  8.0
Short Blades   | 3 4 6 |  6.0
Fighting       | 3 4 5 6 |  6.0
Dodging        | 4 10 | 10.3
Throwing       | |  2.1
Summonings     | |  0.6

Action                     |  1- 3 |  4- 6 |  7- 9 || total
---------------------------+-------+-------+-------++-------
  Melee: Dagger            |    61 |   142 |   594 ||   797
  Throw: Dart              |       |       |     8 ||     8
    Use: Scroll            |       |     1 |     7 ||     8
         Potion            |       |       |     2 ||     2
   Stab: Sleeping          |    14 |    20 |     9 ||    43
         Distracted        |       |     1 |     2 ||     3
         Paralysed         |       |       |     1 ||     1
 Armour: Robe              |    24 |    50 |   108 ||   182
  Dodge: Dodged            |    31 |    71 |   204 ||   306

Illustrated notes

Table legend:
 A = Kills in this place as a percentage of kills in the entire game.
 B = Kills by you in this place as a percentage of kills by you in the entire game.
 C = Kills by friends in this place as a percentage of kills by friends in the entire game.
 D = Other kills in this place as a percentage of other kills in the entire game.
 E = Experience gained in this place as a percentage of experience gained in the entire game.
 F = Experience gained in this place divided by the number of levels of this place that you have seen.
                   A       B       C       D       E      F
               +-------+-------+-------+-------+-------+----------------------
         Total | 100.0 | 100.0 |   N/A |   N/A | 100.0 | 270.6
       Dungeon | 100.0 | 100.0 |   N/A |   N/A | 100.0 | 315.7
               +-------+-------+-------+-------+-------+----------------------

Table legend: (Time is in decaauts)
 A = Elapsed time spent in this place.
 B = Non-inter-level travel time spent in this place.
 C = Inter-level travel time spent in this place.
 D = Time resting spent in this place.
 E = Time spent auto-exploring this place.
 F = Levels seen in this place.
 G = Mean time per level.
                   A        B        C        D        E       F      G
               +--------+--------+--------+--------+--------+-----+--------+
         Total |   7744 |   7352 |    392 |    515 |   5742 |   7 | 1106.3 |
       Dungeon |   7698 |   7344 |    354 |    515 |   5742 |   6 | 1283.0 |
        Temple |     45 |      7 |     38 |      0 |      0 |   1 |   45.0 |
               +--------+--------+--------+--------+--------+-----+--------+

Top non-repeatable levels by time:
     D:5: 1854 daAuts
     D:6: 1478 daAuts
     D:1: 1268 daAuts
     D:4: 1121 daAuts
     D:3: 1071 daAuts
     D:2: 904 daAuts
  Temple: 45 daAuts
